 Dungeon Crawl Stone Soup version 0.22-a0-379-ga9d99d6 (webtiles) character file.

4134 Gildeon the Carver (level 9, -2/68 HPs)
             Began as a Demigod Fighter on Apr 28, 2018.
             Succumbed to a gnoll's poison
             ... on level 8 of the Dungeon.
             The game lasted 00:34:41 (9397 turns).

Gildeon the Carver (Demigod Fighter)                Turns: 9397, Time: 00:34:42

Health: -2/68      AC: 11    Str: 21    XL:     9   Next: 79%
Magic:  11/11      EV:  7    Int: 12    God:
Gold:   430        SH:  0    Dex: 19    Spells: 5/8 levels left

rFire    + . .     SeeInvis .   d - +7 Screaming Sword
rCold    x . .     Gourm    .   (no shield)
rNeg     . . .     Faith    .   p - +0 chain mail
rPois    .         Spirit   .   (no helmet)
rElec    .         Reflect  .   b - +1 cloak
rCorr    .         Harm     .   (no gloves)
MR       .....                  (no boots)
Stlth    ..........             (no amulet)
HPRegen  0.21/turn              j - ring of fire
MPRegen  0.12/turn              o - ring of stealth

@: lethally poisoned (-2 -> -48)
A: high mp 1
a: no special abilities


You were on level 8 of the Dungeon.
You were not hungry.

You visited 1 branch of the dungeon, and saw 8 of its levels.

You collected 430 gold pieces.

Inventory:

Hand Weapons
 a - a +1 long sword
 c - a +5 falchion
 d - the +7 Screaming Sword (weapon)
   (You found it on level 4 of the Dungeon)
 i - a +4 scimitar
 r - a +2 mace of holy wrath
Armour
 b - a +1 cloak (worn)
 p - a +0 chain mail (worn)
Jewellery
 j - a ring of fire (left hand)
 o - a ring of stealth (right hand)
Wands
 n - a wand of enslavement (20)
Scrolls
 g - 8 scrolls of remove curse
 h - 6 scrolls of identify
 l - 5 scrolls of teleportation
Potions
 e - a potion of magic
 q - a potion of might
 s - a potion of agility
Comestibles
 f - 18 rations
 m - 18 chunks of flesh


   Skills:
 - Level 2.6 Fighting
 + Level 13.0 Long Blades
 - Level 2.6 Armour
   Level 2.6 Shields


You had 5 spell levels left.
You knew the following spells:

 Your Spells              Type           Power        Failure   Level  Hunger
a - Confusing Touch       Hex            #.....       97%         1    ##.....
b - Beastly Appendage     Tmut           #.....       97%         1    ##.....
c - Magic Dart            Conj           #...         97%         1    ##.....


Dungeon Overview and Level Annotations

Branches:
Dungeon (8/15)             Temple (0/1) D:4
   Lair: D:8-11

Shops:
D:4 (   D:5 *

Annotations:
D:5 exclusion: statue


Innate Abilities, Weirdness & Mutations

You have an increased reservoir of magic. (+10% MP)


Message History

You hit the gnoll.
The gnoll is moderately wounded.
* * * LOW HITPOINT WARNING * * *
You feel very sick. The gnoll hits you but does no damage.
You are more poisoned.
The gnoll barely misses you. x2
Okay, then.
You closely miss the gnoll.
The gnoll is moderately wounded.
The Screaming Sword prematurely composes your obituary.
* * * LOW HITPOINT WARNING * * *
You feel sick.
You hear a bellow!
The gnoll hits you but does no damage. x2
You are more poisoned.
You completely miss the gnoll.
The gnoll is moderately wounded.
The Screaming Sword whistles a merry tune.
You die...

......... ....... #.
.#####.....# .. ...........#
....# ...........## ##.....#
# ............####........#
.. #.............< #.....
... ##.....†g......# #....
....#.....g@).###..### #...#
#..........g..###....# #...
#................#.#.#####..
................##..#....#..
P..P..P.P........#....####.)
..P.....P............#.##.(#
..PP.PP....................(
..P.PPPP..P................)
.PP.PPP.P...##........#....)


You could see 3 gnolls.

Vanquished Creatures
  A spriggan (D:7)
  The ghost of Totori the Vandal, an amateur HaWn (D:3)
  A porcupine (D:8)
  A sky beast (D:5)
  4 black bears (D:8)
  2 ice beasts
  2 phantoms
  A necrophage (D:7)
  An orc warrior (D:7)
  3 ogres
  A centaur (D:8)
  A crocodile (D:7)
  2 big kobolds
  4 bullfrogs
  A gnoll sergeant (D:8)
  5 scorpions
  5 killer bees (D:7)
  An electric eel (D:6)
  2 howler monkeys
  4 wights (D:6)
  2 crimson imps (D:5)
  A centaur skeleton (D:5)
  A hound (D:5)
  A bullfrog skeleton (D:4)
  7 orc priests
  3 iguanas
  Jessica (D:2)
  7 orc wizards
  4 worker ants
  A hound skeleton (D:6)
  A worker ant zombie (D:7)
  8 gnolls
  A howler monkey skeleton (D:5)
  A river rat (D:5)
  10 adders
  3 shadow imps
  2 adder skeletons
  2 worms
  A dart slug (D:2)
  4 leopard geckos
  38 orcs
  7 giant cockroaches
  6 goblins
  7 hobgoblins
  17 jackals
  2 quokkas
  2 ball pythons
  23 bats
  9 frilled lizards
  A jackal skeleton (D:7)
  A jackal zombie (D:7)
  17 kobolds
  2 leopard gecko skeletons (D:4)
  7 rats
  4 fungi (D:4)
247 creatures vanquished.

Vanquished Creatures (others)
  An orc wizard (D:3)
  10 fungi
11 creatures vanquished.

Grand Total: 258 creatures vanquished

Notes
Turn   | Place    | Note
-------+----------+-------------------------------------------
     0 | D:1      | Gildeon the Demigod Fighter began the quest for the Orb.
     0 | D:1      | Reached XP level 1. HP: 18/18 MP: 3/3
    29 | D:1      | Reached skill level 2 in Long Blades
   255 | D:1      | Reached XP level 2. HP: 25/25 MP: 4/4
   353 | D:1      | Reached skill level 3 in Long Blades
  1046 | D:2      | Reached XP level 3. HP: 18/30 MP: 5/5
  1613 | D:2      | Reached skill level 4 in Long Blades
  1928 | D:2      | Reached XP level 4. HP: 22/37 MP: 6/6
  2270 | D:2      | Noticed Jessica
  2275 | D:2      | Killed Jessica
  2720 | D:3      | Learned a level 1 spell: Confusing Touch
  2730 | D:3      | Reached skill level 5 in Long Blades
  2730 | D:3      | Reached XP level 5. HP: 25/42 MP: 7/7
  2975 | D:3      | Noticed Totori's ghost (amateur HaWn)
  2994 | D:3      | Killed Totori's ghost
  2994 | D:3      | Reached skill level 6 in Long Blades
  3335 | D:3      | Reached XP level 6. HP: 45/50 MP: 8/8
  3838 | D:3      | Found a deep blue altar of Sif Muna.
  4224 | D:3      | Found an iron altar of Okawaru.
  4403 | D:4      | Reached skill level 7 in Long Blades
  4490 | D:4      | Found a bloodstained altar of Trog.
  4494 | D:4      | Found a glowing golden altar of the Shining One.
  4752 | D:4      | Reached XP level 7. HP: 50/56 MP: 9/9
  4851 | D:4      | Found Uliabeimer's Antique Weapon Boutique.
  5081 | D:4      | Reached skill level 8 in Long Blades
  5383 | D:4      | Found the +7 Singing Sword
  5389 | D:4      | Reached skill level 9 in Long Blades
  5476 | D:4      | Found a staircase to the Ecumenical Temple.
  5609 | D:5      | Entered Level 5 of the Dungeon
  5617 | D:5      | Reached XP level 8. HP: 62/62 MP: 10/10
  5763 | D:5      | Found Dnwepac's Desiderata Depot.
  6131 | D:5      | Reached skill level 10 in Long Blades
  6143 | D:5      | Found a radiant altar of Vehumet.
  6503 | D:6      | Learned a level 1 spell: Beastly Appendage
  6505 | D:6      | Learned a level 1 spell: Magic Dart
  6856 | D:6      | Upgraded the game from 0.22-a0-377-g846bec1 to 0.22-a0-379-ga9d99d6
  7100 | D:6      | Reached skill level 11 in Long Blades
  7226 | D:6      | Found a burning altar of Makhleb.
  7226 | D:6      | Found a glowing silver altar of Zin.
  7227 | D:6      | Noticed an angel
  7227 | D:6      | Noticed a cacodemon
  7395 | D:6      | Found an opulent altar of Gozag.
  7558 | D:7      | Reached XP level 9. HP: 59/68 MP: 11/11
  8306 | D:7      | Got an ichor-stained large shield
  8312 | D:7      | Identified the +4 large shield "Cuuficum" {rPois Regen+ Dex-3 Slay+6} (You found it on level 7 of the Dungeon)
  8344 | D:7      | Reached skill level 12 in Long Blades
  8436 | D:7      | Found a shadowy altar of Dithmenos.
  9383 | D:8      | Reached skill level 13 in Long Blades
  9396 | D:8      | HP: 2/68 [poisoned by a gnoll]
  9397 | D:8      | Succumbed to a gnoll's poison

Vault maps used:
D:1:      minmay_arrival_doors, minivault_24
D:2:      uniq_jessica
D:3:      lemuel_doored_altar, okawaru_altar_gauntlet_db
D:4:      old_forge, grunt_temple_overflow_open, minmay_temple_entry_nine_rooms,
          serial_shops, nicolae_shop_temple_entry_statues_fountains
D:5:      vehumet_statue, portal_sewer_entry_b, first_ration,
          nicolae_alphabet_shops
D:6:      grunt_temple_overflow_order_and_chaos_2,
          lemuel_coloured_pillars_altar, minivault_4
D:7:      the_bakery, nicolae_dithmenos_the_darkroom
D:8:      due_lair_maze_entry_diamond

Skill      XL: |  1  2  3  4  5  6  7  8  9 |
---------------+----------------------------+-----
Long Blades    | 2 3 4 5 6 7 9 11 13 | 13.0
Fighting       | |  2.6
Armour         | |  2.6
Shields        | |  2.6

Action                   |  1- 3 |  4- 6 |  7- 9 || total
-------------------------+-------+-------+-------++-------
Melee: Long sword        |   160 |   200 |   102 ||   462
       Double sword      |       |       |   281 ||   281
  Use: Scroll            |     5 |     8 |     7 ||    20
       Potion            |     1 |     2 |     4 ||     7
  Eat: Chunk             |     3 |    10 |     9 ||    22
       Ration            |       |       |     2 ||     2
Armor: Scale mail        |   111 |    30 |       ||   141
       Chain mail        |       |    99 |   217 ||   316
Dodge: Dodged            |    89 |   101 |   138 ||   328
       Rpst.: Long sword |    28 |    33 |    10 ||    71
       Double sword      |       |       |    28 ||    28

Table legend:
 A = Spawn XP
 B = Non-spawn XP
 C = Spawn XP percentage of total XP
 D = Spawn monster count
 E = Non-spawn monster count
 F = Spawn count percentage of total count
 G = Total turns spent on level
                    A         B        C        D         E        F      G
               +---------+---------+-------+---------+---------+-------+---------
         Total |       0 |    5906 |   0.0 |       0 |     244 |   0.0 |  9397
               +---------+---------+-------+---------+---------+-------+---------
           D:1 |       0 |      44 |   0.0 |       0 |      28 |   0.0 |  1035
           D:2 |       0 |     125 |   0.0 |       0 |      25 |   0.0 |  1315
           D:3 |       0 |     562 |   0.0 |       0 |      52 |   0.0 |  2151
           D:4 |       0 |     843 |   0.0 |       0 |      32 |   0.0 |  1108
           D:5 |       0 |     729 |   0.0 |       0 |      26 |   0.0 |   846
           D:6 |       0 |     807 |   0.0 |       0 |      18 |   0.0 |   974
           D:7 |       0 |    1611 |   0.0 |       0 |      41 |   0.0 |  1707
           D:8 |       0 |    1185 |   0.0 |       0 |      22 |   0.0 |   261
               +---------+---------+-------+---------+---------+-------+---------
